 Dungeon Crawl Stone Soup version 0.19-a0-854-gc78d25d (webtiles) character file.

700 4thArraOfDagon the Chopper (level 7, -3/61 HPs)
             Began as a Minotaur Abyssal Knight on July 1, 2016.
             Was a Priest of Lugonu.
             Slain by a wight
             ... wielding a cursed +2 war axe of draining
              (4 damage)
             ... on level 6 of the Dungeon.
             The game lasted 00:06:56 (1549 turns).

4thArraOfDagon the Chopper (MiAK)                   Turns: 1549, Time: 00:06:56

Health: -3/61      AC: 10    Str: 17    XL:     7   Next: 38%
Magic:  4/9        EV:  4    Int: 11    God:    Lugonu [***...]
Gold:   124        SH:  0    Dex:  9    Spells: 0 memorised, 6 levels left

rFire  . . .     SeeInvis .     a - +1 hand axe
rCold  . . .     Gourm    .     k - +0 plate armour
rNeg   . . .     Faith    .     (no shield)
rPois  .         Spirit   .     (helmet restricted)
rElec  .         Dismiss  .     (no cloak)
rCorr  +         Reflect  .     (no gloves)
SustAt .         Harm     .     (no boots)
MR     .....                    (no amulet)
Stlth  ..........               (no ring)
                                r - ring of resist corrosion

@: very heavily drained, not resistant to hostile enchantments, extremely
unstealthy
A: retaliatory headbutt, horns 2
a: Depart the Abyss, Bend Space, Banish, Renounce Religion


You were on level 6 of the Dungeon.
You worshipped Lugonu.
Lugonu was most pleased with you.
You were not hungry.

You visited 1 branch of the dungeon, and saw 6 of its levels.
You visited the Abyss 1 time.

You collected 124 gold pieces.

Inventory:

Hand Weapons
 a - a +1 hand axe (weapon)
Armour
 k - a +0 plate armour (worn)
Jewellery
 r - a ring of resist corrosion (left hand)
Wands
 p - a wand of lightning (6/15)
Scrolls
 b - 5 scrolls of identify {unknown}
 e - 2 scrolls of recharging {unknown}
 f - 5 scrolls of remove curse {unknown}
 l - 3 scrolls of amnesia {unknown}
 n - a scroll of noise {unknown}
 o - 3 scrolls of magic mapping {unknown}
 s - 2 scrolls of enchant weapon {unknown}
 t - a scroll of immolation {unknown}
 v - a scroll of silence {unknown}
Potions
 g - a potion of degeneration
 h - 2 potions of brilliance
Comestibles
 c - 4 bread rations
 d - 2 slices of pizza
 i - 3 fruits
 j - 2 meat rations
 m - a beef jerky
 w - a royal jelly


   Skills:
 + Level 5.5(2.2) Fighting
 * Level 6.5(3.1) Axes
 + Level 4.8(1.6) Armour
 - Level 1.1(0.0) Dodging
 + Level 4.1(1.0) Invocations


You had 6 spell levels left.
You didn't know any spells.

Dungeon Overview and Level Annotations

Branches:
Dungeon (6/15)
 Temple: D:4-7

Altars:

Annotations:
D:4 4thArraOfDagon's ghost, amateur HuFi


Innate Abilities, Weirdness & Mutations

You reflexively headbutt those who attack you in melee.
You have a pair of horns on your head.


Message History

You are too injured to fight recklessly!
You closely miss the wight. Your headbutt misses the wight.
The wight is heavily damaged.
The wight hits you with a war axe of draining.
* * * LOW HITPOINT WARNING * * *
You feel drained.
* * * LOW HITPOINT WARNING * * *
Unknown command.
You hit the wight. You headbutt the wight.
The wight is almost destroyed.
The wight barely misses you.
Unknown command.
You hit the wight but do no damage.
The wight is almost destroyed.
The wight hits you with a war axe of draining!
* * * LOW HITPOINT WARNING * * *
You feel drained.
* * * LOW HITPOINT WARNING * * *
You feel drained.
You die...

#..# #..#
#..# ##..####
#...... #...#
##...##
####.###ยง#
#.@z.# #.#
#.##.###.# #.
##...##
..........z#
##.###.######
#. ....
#####..


You could see a wight.

Vanquished Creatures
  2 giant frogs (D:5)
  A scorpion (D:4)
  2 howler monkeys
  2 orc priests
  A hound (D:5)
  2 centaur skeletons (D:4)
  A worker ant (D:5)
  3 adders
  A shadow imp (D:6)
  An ufetubus (D:1)
  2 oozes
  2 adder skeletons (D:5)
  A worm (D:2)
  4 giant geckos
  6 orcs
  3 giant cockroaches
  3 goblins
  3 hobgoblins
  15 jackals
  4 quokkas
  2 ball pythons
  4 kobolds
  2 rats
67 creatures vanquished.

Vanquished Creatures (others)
  A water moccasin (D:6)
  2 ogres (D:5)
  A wight (D:6)
4 creatures vanquished.

Grand Total: 71 creatures vanquished

Notes
Turn   | Place    | Note
-------+----------+-------------------------------------------
     0 | Abyss:1  | 4thArraOfDagon the Minotaur Abyssal Knight began the quest for the Orb.
     0 | Abyss:1  | Reached XP level 1. HP: 19/19 MP: 1/1
    81 | Abyss:2  | Noticed a wight
    86 | D:1      | Escaped the Abyss
   181 | D:1      | Reached XP level 2. HP: 23/27 MP: 2/2
   238 | D:1      | Reached skill level 3 in Axes
   452 | D:1      | Reached ** piety under Lugonu
   488 | D:2      | Reached XP level 3. HP: 26/33 MP: 3/3
   739 | D:3      | Reached XP level 4. HP: 33/40 MP: 5/5
   848 | D:4      | Reached skill level 4 in Axes
   849 | D:4      | Noticed 4thArraOfDagon's ghost (amateur HuFi)
   967 | D:4      | Reached XP level 5. HP: 29/47 MP: 6/6
  1026 | D:4      | Reached *** piety under Lugonu
  1026 | D:4      | Reached skill level 5 in Axes
  1117 | D:5      | Entered Level 5 of the Dungeon
  1117 | D:5      | Noticed an ogre
  1128 | D:5      | Noticed an ogre
  1150 | D:5      | Reached XP level 6. HP: 26/55 MP: 7/7
  1164 | D:5      | Reached skill level 5 in Fighting
  1295 | D:5      | Reached skill level 6 in Axes
  1319 | D:5      | Reached XP level 7. HP: 15/61 MP: 8/8
  1549 | D:6      | HP: 1/61 [wight/war axe of draining (4)]
  1549 | D:6      | Slain by a wight

Vault maps used:
D:1:      dpeg_arrival_simpleton_c
D:2:      amethyst_overflow_temple_binary, uniq_crazy_yiuf_cottage
D:3:      gammafunk_temple_overflow_elements, first_bread,
          nicolae_underground_beach
D:4:      minmay_misc_feat_cross
D:5:      kennysheep_generic_room_3
D:6:      lemuel_round_altar, serial_shops, shop_fountains, kennysheep_dice
Abyss:2:  grunt_abyss_exit_deep_breaths

Skill      XL: |  1  2  3  4  5  6  7 |
---------------+----------------------+-----
Invocations    | 2 3 4 |  4.1
Axes           | 3 4 5 6 |  6.5
Fighting       | 4 5 |  5.5
Armour         | 3 4 |  4.8
Dodging        | |  1.1

Action                   |  1- 3 |  4- 6 |  7- 9 || total
-------------------------+-------+-------+-------++-------
Melee: Hand axe          |    95 |    92 |    33 ||   220
       Headbutt          |    10 |    14 |     4 ||    28
Invok: Banish            |       |     2 |     2 ||     4
  Use: Potion            |     2 |     4 |     1 ||     7
  Eat: Chunk             |       |     2 |     1 ||     3
       Beef jerky        |       |       |     1 ||     1
Armor: Leather armour    |     4 |       |       ||     4
       Plate armour      |    51 |    70 |    20 ||   141
Dodge: Dodged            |    35 |    27 |     7 ||    69
